 Dungeon Crawl Stone Soup version 0.23-a0-639-ga9a3373 (webtiles) character file.

37 Leeroy the Slasher (level 3, -1/29 HPs)
             Began as a Draconian Skald on Dec 29, 2018.
             Slain by Sigmund
             ... wielding a +0 scythe
              (3 damage)
             ... on level 2 of the Dungeon.
             The game lasted 00:02:17 (902 turns).

Leeroy the Slasher (Draconian Skald)                 Turns: 902, Time: 00:02:18

Health: -1/29      AC:  5    Str: 13    XL:     3   Next: 21%
Magic:  1/6        EV: 12    Int: 14    God:
Gold:   35         SH:  0    Dex: 10    Spells: 2/6 levels left

rFire    . . .     SeeInvis .   a - +0 falchion
rCold    . . .     Gourm    .   (no shield)
rNeg     . . .     Faith    .   (armour unavailable)
rPois    .         Spirit   .   (helmet restricted)
rElec    .         Reflect  .   (no cloak)
rCorr    .         Harm     .   (no gloves)
MR       .....                  (no boots)
Stlth    +.........             (no amulet)
HPRegen  0.09/turn              (no ring)
MPRegen  0.10/turn              (no ring)

@: confused, flying, very slightly contaminated
A: unfitting armour, cold-blooded, AC +5
a: no special abilities


You were on level 2 of the Dungeon.
You were not hungry.

You visited 1 branch of the dungeon, and saw 2 of its levels.

You collected 35 gold pieces.

Inventory:

Hand Weapons
 a - a +0 falchion (weapon)
 f - a +0 short sword
 h - a +0 dagger
Missiles
 d - 18 stones (quivered)
 j - 31 bolts
Scrolls
 b - a scroll of immolation {unknown}
 e - a scroll of fog {unknown}
 g - a scroll of fear {unknown}
 l - a scroll of remove curse {unknown}
Potions
 i - a potion of curing
 k - a potion of flight
Comestibles
 c - a ration


   Skills:
 - Level 2.1 Fighting
 + Level 3.7 Long Blades
 - Level 2.1 Dodging
 - Level 2.0 Spellcasting
 - Level 2.6 Charms


You had 2 spell levels left.
You knew the following spells:

 Your Spells              Type           Power        Failure   Level  Hunger
a - Infusion              Chrm           #...         8%          1    ##.....
b - Spectral Weapon       Hex/Chrm       #.......     38%         3    ####...

Your spell library contained the following spells:

 Spells                   Type           Power        Failure   Level  Hunger
 Song of Slaying          Chrm           #.......     12%         2    ###....
 Shroud of Golubria       Chrm/Tloc      #.........   21%         2    ###....
 Regeneration             Chrm/Necr      #.........   38%         3    ####...


Dungeon Overview and Level Annotations

Branches:
Dungeon (2/15)

Altars:

Annotations:
D:2 Sigmund


Innate Abilities, Weirdness & Mutations

Your plain brown scales are hard. (AC +5)
You cannot fit into any form of body armour.
You are cold-blooded and may be slowed by cold attacks.


Message History

Sigmund casts a spell at you. The magic dart hits you!
You hit Sigmund.
You tail-slap Sigmund, but do no damage.
Sigmund is lightly wounded.
Sigmund hits you with a +0 scythe!
* * * LOW HITPOINT WARNING * * *
Unknown command.
Sigmund is suddenly surrounded by pale green light.
Sigmund casts a spell at you.
You are confused.
Sigmund points at you and mumbles some strange words.
The puff of flame hits you!
* * * LOW HITPOINT WARNING * * *
Your attacks no longer feel as feeble.
You bump into the rock wall.
You bump into the rock wall.
You bump into the rock wall.
Sigmund hits you from afar with a +0 scythe.
You die...

#. #....##
#.##.....##
#.........##
#..........
.........
#.....
#...#####.#
#..@.....#
#@########
#.# #.# #@#
........#
#######.#
#.# #.#


You could see Sigmund.

Vanquished Creatures
  A dart slug (D:1)
  3 giant cockroaches (D:1)
  5 goblins (D:1)
  2 hobgoblins (D:1)
  4 jackals (D:1)
  3 kobolds (D:1)
  A ball python (D:1)
  6 bats (D:1)
  A frilled lizard (D:1)
  6 rats (D:1)
32 creatures vanquished.

Notes
Turn   | Place    | Note
-------+----------+-------------------------------------------
     0 | D:1      | Leeroy the Draconian Skald began the quest for the Orb.
     0 | D:1      | Reached XP level 1. HP: 17/17 MP: 3/3
   113 | D:1      | Reached XP level 2. HP: 16/24 MP: 5/5
   135 | D:1      | Reached skill level 3 in Long Blades
   394 | D:1      | Reached XP level 3. HP: 23/29 MP: 6/6
   431 | D:1      | Learned a level 3 spell: Spectral Weapon
   886 | D:2      | Noticed Sigmund
   902 | D:2      | Slain by Sigmund

Vault maps used:
D:1:      dpeg_arrival_prison
D:2:      minmay_diced_spiral, uniq_sigmund

Skill      XL: |  1  2 |
---------------+-------+-----
Long Blades    | 3 |  3.7
Fighting       | |  2.1
Dodging        | |  2.1
Spellcasting   | |  2.0
Charms         | |  2.6

Action                   || total
-------------------------++-------
Melee: Falchion          ||    73
       Tailslap          ||     7
  Use: Potion            ||     2
 Stab: Sleeping          ||     2
Armor: Skin              ||    25
Dodge: Dodged            ||    62
       Rpst.: Falchion   ||    23

Table legend:
 A = Non-vault XP
 B = Vault XP
 C = Vault XP percentage of total XP
 D = Non-vault monster count
 E = Vault monster count
 F = Vault count percentage of total count
                 A         B        C        D         E       F
            +---------+---------+-------+---------+---------+-------
      Total |      46 |       7 |  13.2 |      27 |       5 |  15.6
            +---------+---------+-------+---------+---------+-------
        D:1 |      46 |       7 |  13.2 |      27 |       5 |  15.6
            +---------+---------+-------+---------+---------+-------
